 Dungeon Sprint DCSS version 0.27.1 (webtiles) character file.

Game seed: 7111310642605730095

12085 styxcanada the Imperceptible (level 11, -2/90 HPs)
             Began as a Spriggan Brigand on Sept 1, 2021.
             Was an Initiate of Gozag.
             Slain by a spriggan rider (6 damage)
             ... in the Dungeon (Sprint IV: "Fedhas' Mad Dash").
             The game lasted 00:21:26 (2203 turns).

styxcanada the Imperceptible (Spriggan Brigand)     Turns: 2203, Time: 00:21:26

Health: -2/90      AC: 10    Str:  7    XL:     11   Next: 57%
Magic:  24/24      EV: 25    Int: 13    God:    Gozag
Gold:   1536       SH:  7    Dex: 20    Spells: 18/26 levels left

rFire    . . .     SeeInvis +   a - +3 dagger
rCold    . . .     Faith    .   v - +0 buckler
rNeg     . . .     Spirit   .   b - +2 troll leather armour
rPois    .         Reflect  .   c - +0 mask of the Dragon {Will+ Slay+3 SInv}
rElec    .         Harm     .   t - +2 cloak {Will+}
rCorr    .         Rampage  .   (gloves unavailable)
Will     +++..     NoTele   +   (boots unavailable)
Stlth    ..........             l - amulet of invisibility {+Inv}
HPRegen  1.25/turn              (no ring)
MPRegen  0.19/turn              (no ring)

@: berserking (expiring), lethally poisoned (-2 -> -3), very slightly
contaminated, slowed, invisible, very quick
A: very small, no large weapons, unfitting armour, see invisible, speed 3
a: Renounce Religion, Evoke Invisibility, Potion Petition, Call Merchant, Bribe
Branch


You were in the Dungeon.
You worshipped Gozag.
Gozag was most pleased with you.
You visited 1 branch You collected 3161 gold pieces.
You spent 1625 gold pieces at shops.

Inventory:

Hand Weapons
 a - a +3 dagger (weapon)
 u - a +2 quick blade
 w - the +10 rapier of Laceration {flame, rN++}
   (You bought it in a shop in the Dungeon)

   It burns those it strikes, dealing additional fire damage.
   rN:        It greatly protects you from negative energy.
Missiles
 d - 8 poisoned darts (quivered)
 e - a curare-tipped dart
 g - 8 boomerangs
 n - 24 sling bullets
 s - 24 stones
 y - 8 datura-tipped darts
Armour
 b - a +2 troll leather armour (worn)
 c - the +0 mask of the Dragon (worn) {Will+ Slay+3 SInv}
   (You found it in the Dungeon)

   Slay:      It affects your accuracy & damage with ranged weapons and melee
   (+3).
   SInv:      It lets you see invisible.
   Will:      It increases your willpower.
 p - a +2 robe of cold resistance
 t - a +2 cloak of willpower (worn)
 v - a +0 buckler (worn)
 x - the +2 robe "Wimp" {rCorr Stlth+}
   (You bought it in a shop in the Dungeon)

   rCorr:     It protects you from acid and corrosion.
   Stlth:     It makes you more stealthy.
Jewellery
 l - the amulet of invisibility (around neck) {+Inv}
   (You found it in the Dungeon)

   [amulet of nothing]

   +Inv:      It lets you turn invisible.
Scrolls
 k - a scroll of blinking
 m - a scroll of enchant weapon
 o - 2 scrolls of identify
Potions
 h - a potion of haste
 i - 2 potions of magic
 q - a potion of curing
 r - 2 potions of ambrosia
Miscellaneous
 f - a condenser vane


   Skills:
 * Level 7.9 Fighting
 + Level 6.2 Short Blades
 + Level 6.1 Throwing
 * Level 4.8 Armour
 * Level 12.5 Dodging
 * Level 24.5 Stealth
 * Level 2.1 Shields
 * Level 8.2 Spellcasting
 * Level 8.1 Hexes
 * Level 5.6 Ice Magic
 * Level 13.8 Evocations


You had 18 spell levels left.
You knew the following spells:

 Your Spells              Type           Power      Damage    Failure   Level
a - Corona                Hex            28%        N/A       1%          1
b - Ensorcelled Hibernat  Hex/Ice        46%        N/A       2%          2
c - Slow                  Hex            26%        N/A       1%          2
d - Confusing Touch       Hex            26%        N/A       2%          3

Your spell library contained the following spells:

 Spells                   Type           Power      Damage    Failure   Level
 Tukima's Dance           Hex            26%        N/A       2%          3
 Vampiric Draining        Necr           2%         2d6       63%         3


Dungeon Overview and Level Annotations

Branches:
Dungeon (1/1)

Altars:
Cheibriados
Dithmenos
Elyvilon
Gozag
Hepliaklqana
Kikubaaqudgha
Makhleb
Nemelex Xobeh
Okawaru
Qazlal
Ru
Sif Muna
Trog
Uskayaw
Vehumet
Wu Jian
Xom
Yredelemnul
Zin
The Shining One
Beogh
Jiyva
Lugonu

Shops:
D ([(?[[[:*[(


Innate Abilities, Weirdness & Mutations

You are very small and have problems with some larger weapons.
You are too small for most types of armour.
You have supernaturally acute eyesight. (SInv)
You cover ground extremely quickly. (Speed+++)


Message History

A red film seems to cover your vision as you go berserk!
You feel yourself moving faster!
You feel mighty! The hornet stings you.
* * * LOW HITPOINT WARNING * * *
You are poisoned.
You feel yourself slow down. The hornet barely misses you.
You block the demonic crawler's attack. x2
The demonic crawler hits you but does no damage.
You block the spriggan rider's attack. The hornet barely misses you.
You puncture the hornet!
The hornet is moderately wounded.
You feel yourself speed up.
You feel sick. You block the hornet's attack.
The demonic crawler closely misses you. You block the demonic crawler's attack.
The demonic crawler misses you. The hornet completely misses you.
The hornet stings you.
* * * LOW HITPOINT WARNING * * *
You feel yourself slow down. The spriggan rider misses you.
You hit the hornet.
The hornet is heavily wounded.
You feel sick.
The demonic crawler completely misses you.
The demonic crawler closely misses you. The demonic crawler misses you.
The hornet stings you!
* * * LOW HITPOINT WARNING * * *
You feel as though you will be slow longer.
You puncture the hornet!
The hornet is severely wounded.
You feel sick. The hornet completely misses you.
The demonic crawler completely misses you.
The demonic crawler misses you. You block the demonic crawler's attack.
The spriggan rider hits you from afar with a +0 spear.
* * * LOW HITPOINT WARNING * * *
You are too berserk!
You see here 11 gold pieces.
You feel a strong urge to attack something.
You feel sick. You block the demonic crawler's attack.
The demonic crawler closely misses you. The demonic crawler misses you.
The spriggan rider hits you with a +0 spear.
You die...
Your body crumbles into a pile of gold.

................P.#####...♣......
........)......)P..........♣.)...
................P...#############
######'##############
#..........# ###..# #.......P..#
#....+ $ ###.P....### #..y.#
###...## ##$isy# #....####$$$@$#
#........$$$$$+$$$$ $
#........$$$$$# ###############


You could see a spriggan rider, a demonic crawler and 2 hornets.

Vanquished Creatures
  Agnes (D)
  A ghost moth (D)
  A spriggan defender (D)
  A spriggan berserker (D)
  A spriggan druid (D)
  8 oklob plants (D)
  3 wandering mushrooms (D)
  A queen bee (D)
  2 demonic crawlers (D)
  3 burning bushes (D)
  3 hornets (D)
  3 scorpions (D)
  4 killer bees (D)
  5 oklob saplings (D)
  7 spriggans (D)
  A river rat (D)
  A rat (D)
  A ballistomycete spore (D)
47 creatures vanquished.

Vanquished Creatures (others)
  A ballistomycete spore (D)
  2 fungi (D)
3 creatures vanquished.

Grand Total: 50 creatures vanquished

Notes
Turn   | Place    | Note
-------+----------+-------------------------------------------
     0 | D        | styxcanada the Spriggan Brigand began the quest for the
                  | Orb.
     0 | D        | Reached XP level 1. HP: 10/10 MP: 2/2
    19 | D        | Reached skill level 7 in Stealth
    19 | D        | Reached XP level 2. HP: 15/15 MP: 3/3
    34 | D        | Reached skill level 8 in Stealth
    47 | D        | Noticed an oklob sapling
    49 | D        | Killed an oklob sapling
    50 | D        | Reached skill level 9 in Stealth
    50 | D        | Reached XP level 3. HP: 18/18 MP: 4/4
    51 | D        | Noticed a scorpion
    51 | D        | Found the amulet of invisibility {+Inv}
    53 | D        | Killed a scorpion
    54 | D        | Reached skill level 12 in Stealth
    54 | D        | Reached XP level 4. HP: 23/23 MP: 5/5
    76 | D        | Found an opulent altar of Gozag.
    76 | D        | Found a hazy altar of Hepliaklqana.
    76 | D        | Found a burning altar of Makhleb.
    76 | D        | Found a sparkling altar of Nemelex Xobeh.
    76 | D        | Found a snail-covered altar of Cheibriados.
    76 | D        | Found a sacrificial altar of Ru.
    76 | D        | Found a shimmering blue altar of Sif Muna.
    76 | D        | Found a shimmering altar of Xom.
    76 | D        | Found a basalt altar of Yredelemnul.
    77 | D        | Found a viscous altar of Jiyva.
    77 | D        | Found a bloodstained altar of Trog.
    77 | D        | Found an ornate altar of the Wu Jian Council.
    78 | D        | Found an iron altar of Okawaru.
    78 | D        | Found a shadowy altar of Dithmenos.
    78 | D        | Found a glowing silver altar of Zin.
    79 | D        | Found an ancient bone altar of Kikubaaqudgha.
    79 | D        | Found a hide-covered altar of Uskayaw.
    80 | D        | Found a stormy altar of Qazlal.
    80 | D        | Found a white marble altar of Elyvilon.
    80 | D        | Found a glowing golden altar of the Shining One.
    81 | D        | Became a worshipper of Gozag Ym Sagoz the Greedy
    82 | D        | Found a corrupted altar of Lugonu.
    82 | D        | Found a radiant altar of Vehumet.
    86 | D        | Reached skill level 13 in Stealth
    86 | D        | Reached skill level 1 in Evocations
    86 | D        | Reached XP level 5. HP: 28/28 MP: 3/6
    98 | D        | Reached skill level 14 in Stealth
   136 | D        | Reached skill level 5 in Dodging
   137 | D        | Reached skill level 15 in Stealth
   166 | D        | Reached XP level 6. HP: 17/33 MP: 7/7
   204 | D        | Found Vije's Armour Shop.
   204 | D        | Found Bopuwn's Magic Scroll Emporium.
   210 | D        | Bought a scroll of identify for 24 gold pieces
   210 | D        | Bought a scroll of identify for 24 gold pieces
   210 | D        | Bought a scroll of identify for 24 gold pieces
   211 | D        | Bought a +2 robe of cold resistance for 230 gold pieces
   326 | D        | Noticed a burning bush
   326 | D        | Noticed a wandering mushroom
   327 | D        | Noticed a wandering mushroom
   330 | D        | Killed a burning bush
   331 | D        | Reached skill level 17 in Stealth
   331 | D        | Reached skill level 5 in Evocations
   336 | D        | Killed a wandering mushroom
   337 | D        | Reached skill level 18 in Stealth
   337 | D        | Reached XP level 7. HP: 20/38 MP: 6/8
   342 | D        | Killed a wandering mushroom
   343 | D        | Reached skill level 5 in Fighting
   343 | D        | Reached skill level 5 in Throwing
   343 | D        | Reached skill level 19 in Stealth
   483 | D        | Found Agoastuo's General Store.
   483 | D        | Found Feot's Book Shoppe.
   488 | D        | Bought a book of Maledictions for 216 gold pieces
   490 | D        | Learned a level 1 spell: Corona
   493 | D        | Learned a level 2 spell: Ensorcelled Hibernation
   495 | D        | Bought a potion of heal wounds for 70 gold pieces
   581 | D        | Noticed a queen bee
   599 | D        | Reached XP level 8. HP: 29/43 MP: 9/9
   601 | D        | Reached skill level 1 in Spellcasting
   601 | D        | Reached skill level 1 in Hexes
   603 | D        | HP: 1/43 [killer bee (13)]
   610 | D        | Killed a queen bee
   611 | D        | Reached skill level 1 in Ice Magic
   612 | D        | HP: 1/43 [poisoned by a killer bee]
   769 | D        | Noticed an oklob plant
   772 | D        | Killed an oklob plant
   773 | D        | Reached skill level 20 in Stealth
   856 | D        | Bought a +2 troll leather armour for 378 gold pieces
   909 | D        | Noticed a burning bush
   913 | D        | Killed a burning bush
   914 | D        | Reached XP level 9. HP: 48/48 MP: 11/15
   982 | D        | Noticed a burning bush
   982 | D        | Noticed an oklob plant
   983 | D        | Noticed a wandering mushroom
   984 | D        | Killed a burning bush
   985 | D        | Reached skill level 1 in Armour
   989 | D        | Killed an oklob plant
   990 | D        | Reached skill level 21 in Stealth
   993 | D        | Killed a wandering mushroom
   994 | D        | Reached skill level 10 in Dodging
   994 | D        | Reached skill level 10 in Evocations
  1011 | D        | Identified the +8 hand crossbow of the Six Brambles {elec,
                  | rC+ rN+ Will- Dex+3}
  1066 | D        | Noticed a spriggan druid
  1068 | D        | Killed a spriggan druid
  1133 | D        | Noticed an oklob plant conjurer
  1134 | D        | Killed an oklob plant conjurer
  1135 | D        | Reached skill level 5 in Spellcasting
  1207 | D        | Noticed an oklob plant
  1207 | D        | Noticed an oklob plant summoner
  1208 | D        | Noticed an oklob plant shifter
  1215 | D        | Killed an oklob plant
  1216 | D        | Reached skill level 22 in Stealth
  1216 | D        | Reached skill level 5 in Hexes
  1216 | D        | Reached XP level 10. HP: 53/53 MP: 16/18
  1217 | D        | Killed an oklob plant summoner
  1218 | D        | Reached skill level 5 in Short Blades
  1220 | D        | Killed an oklob plant shifter
  1297 | D        | Noticed a spriggan rider
  1298 | D        | Found Tazyeteof's Armour Emporium.
  1335 | D        | Killed a spriggan rider
  1336 | D        | Reached skill level 23 in Stealth
  1497 | D        | Found Bezaim's Antique Weapon Shoppe.
  1513 | D        | Bought a +2 cloak of willpower for 258 gold pieces
  1524 | D        | Learned a level 2 spell: Slow
  1528 | D        | Learned a level 3 spell: Confusing Touch
  1654 | D        | Noticed Agnes
  1656 | D        | Found Ebeurr's Armour Emporium.
  1656 | D        | Noticed a spriggan berserker
  1658 | D        | Found Heenlegg's Armour Shoppe.
  1660 | D        | Killed Agnes
  1664 | D        | Noticed an elephant
  1664 | D        | Noticed a spriggan defender
  1665 | D        | Found the +0 mask of the Dragon {Will+ Slay+3 SInv}
  1671 | D        | Killed a spriggan defender
  1672 | D        | Reached XP level 11. HP: 58/58 MP: 18/22
  1833 | D        | Killed a spriggan berserker
  1834 | D        | Reached skill level 5 in Ice Magic
  1913 | D        | Noticed a spriggan rider
  1921 | D        | Killed a spriggan rider
  1922 | D        | Reached skill level 24 in Stealth
  1929 | D        | Reached skill level 1 in Shields
  1934 | D        | Noticed a ghost moth
  1935 | D        | Found Risuucofy's Antique Weapon Emporium.
  1935 | D        | Found Ecylent's Antique Armour Boutique.
  1935 | D        | Found Jewnen's Weapon Shoppe.
  1942 | D        | Killed a ghost moth
  2068 | D        | Bought an encrusted rapier for 270 gold pieces
  2068 | D        | Identified the +10 rapier of Laceration {flame, rN++} (You
                  | bought it in a shop in the Dungeon)
  2069 | D        | Bought a thick robe for 96 gold pieces
  2069 | D        | Identified the +2 robe "Wimp" {rCorr Stlth+} (You bought it
                  | in a shop in the Dungeon)
  2070 | D        | Bought 8 datura-tipped darts for 35 gold pieces
  2109 | D        | Noticed an oklob plant shifter
  2109 | D        | Noticed an oklob plant meteorologist
  2114 | D        | Killed an oklob plant shifter
  2122 | D        | Killed an oklob plant meteorologist
  2187 | D        | Noticed a spriggan rider
  2201 | D        | HP: 3/90 [spriggan rider (4)]
  2203 | D        | Slain by a spriggan rider

Illustrated notes

Levels and vault maps discovered:
D:        dungeon_sprint_fedhas [sprint_temple]

Skill      XL: |  1  2  3  4  5  6  7  8  9 10 11 |
---------------+----------------------------------+-----
Dodging        | 2 3 4 5 7 9 10 11 12 | 12.5
Stealth        | 7 9 12 13 15 18 19 20 22 23 24 | 24.5
Fighting       | 2 3 4 5 6 7 |  7.9
Throwing       | 3 4 5 6 |  6.1
Short Blades   | 3 4 5 6 |  6.2
Evocations     | 1 3 6 7 9 11 12 13 | 13.8
Spellcasting   | 3 5 7 8 |  8.2
Hexes          | 3 5 7 8 |  8.1
Ice Magic      | 2 3 4 5 |  5.6
Armour         | 2 4 |  4.8
Shields        | 2 |  2.1

Action                   |  1- 3 |  4- 6 |  7- 9 | 10-12 || total
-------------------------+-------+-------+-------+-------++-------
Melee: Dagger            |     7 |    12 |    50 |    21 ||    90
Throw: Dart              |     8 |     8 |       |    10 ||    26
       Boomerang         |       |       |       |     2 ||     2
 Cast: Ensorcelled Hiber |       |       |       |     4 ||     4
 Abil: Evoke Invisibilit |       |     3 |     9 |     6 ||    18
Evoke: Condenser vane    |       |       |       |     1 ||     1
  Use: Potion            |       |       |     3 |     1 ||     4
       Scroll            |       |       |     1 |     3 ||     4
 Stab: Sleeping          |     3 |     4 |    10 |    12 ||    29
       Invisible         |       |     4 |    10 |       ||    14
       Distracted        |       |       |       |     1 ||     1
Armor: Robe              |     1 |       |     5 |       ||     6
       Troll leather arm |       |       |       |     8 ||     8
Dodge: Dodged            |     2 |    12 |    89 |    44 ||   147
Block: Buckler           |       |       |       |    11 ||    11
